 Dungeon Crawl Stone Soup version 0.29.1-15-g9cfb28693d (webtiles) character file.

Game seed: 13990070236498626328

984 Alturiack the Grave Robber (level 7, 0/32 HPs)
             Began as a Spriggan Necromancer on Apr 12, 2023.
             Was an Initiate of Yredelemnul.
             Succumbed to a water moccasin's poison
             ... on level 5 of the Dungeon.
             The game lasted 00:14:04 (4643 turns).

Alturiack the Grave Robber (Spriggan Necromancer)   Turns: 4643, Time: 00:14:04

Health: 0/32       AC:  2    Str:  4    XL:     7   Next: 97%
Magic:  17/17      EV: 19    Int: 19    God:    Yredelemnul [......]
Gold:   285        SH:  0    Dex: 15    Spells: 17/18 levels left

rFire   . . .      SeeInvis +   l - +1 dagger (elec)
rCold   . . .      Faith    .   (no shield)
rNeg    . . .      Spirit   .   a - +0 robe
rPois   .          Reflect  .   g - +0 hat
rElec   +          Harm     .   (no cloak)
rCorr   +          Rampage  .   (gloves unavailable)
Will    ++...                   (boots unavailable)
Stlth   ++........              i - amulet of magic regeneration
HPRegen 0.10/turn               k - ring "Xoeqae Otue" {rElec Will+ rCorr}
MPRegen 0.55/turn               t - +4 ring of slaying

@: lethally poisoned (0 -> -4), very quick
A: very small, no large weapons, unfitting armour, see invisible, speed 3
a: Renounce Religion, Recall Undead Harvest


You were on level 5 of the Dungeon.
You worshipped Yredelemnul.
Yredelemnul was noncommittal.
You visited 1 branch of the dungeon, and saw 6 of its levels.

You collected 285 gold pieces.

Inventory:

Hand Weapons
 l - a +1 dagger of electrocution (weapon)
Armour
 a - a +0 robe (worn)
 g - a +0 hat (worn)
Jewellery
 i - an amulet of magic regeneration (around neck)
 k - the ring "Xoeqae Otue" (left hand) {rElec Will+ rCorr}
   (You found it on level 2 of the Dungeon)

   [ring of willpower]

   rElec:     It insulates you from electricity.
   rCorr:     It protects you from acid and corrosion.
   Will:      It increases your willpower.
 t - a +4 ring of slaying (right hand)
 u - an amulet of magic regeneration
Wands
 q - a wand of charming (9)
Scrolls
 c - 6 scrolls of identify {unknown}
 e - 2 scrolls of enchant weapon {unknown}
 f - 4 scrolls of teleportation {unknown}
 m - a scroll of acquirement {unknown}
 o - a scroll of noise {unknown}
 p - a scroll of magic mapping {unknown}
 s - a scroll of immolation {unknown}
 v - a scroll of blinking {unknown}
 w - 2 scrolls of poison {unknown}
Potions
 b - a potion of magic
 d - 3 potions of lignification {unknown}
 h - a potion of attraction {unknown}
 j - a potion of might {unknown}
 n - a potion of cancellation {unknown}
 r - a potion of brilliance {unknown}


   Skills:
 * Level 5.0 Dodging
 - Level 3.0 Stealth
 + Level 6.4 Spellcasting
 * Level 7.4 Necromancy


You had 17 spell levels left.
You knew the following spells:

 Your Spells              Type           Power      Damage    Failure   Level
a - Necrotise             Necr           100%       1d9       1%          1

Your spell library contained the following spells:

 Spells                   Type           Power      Damage    Failure   Level
 Vampiric Draining        Necr           34%        2d8       1%          3
 Agony                    Necr           34%        N/A       14%         5
 Gell's Gravitas          Tloc           6%         N/A       32%         3
 Lesser Beckoning         Tloc           6%         N/A       32%         3
 Teleport Other           Tloc           6%         N/A       32%         3
 Dispersal                Tloc           3%         N/A       100%        6
 Animate Dead             Necr           Unusable   N/A       N/A         4

Dungeon Overview and Level Annotations

Branches:
Dungeon (6/15)             Temple (0/1) D:5

Altars:
Fedhas
Ru
Xom
Yredelemnul

Shops:
D:2 [

Annotations:
D:3 1 runed translucent door, Heoruswealwe's ghost, amateur DEEE


Innate Abilities, Weirdness & Mutations

You are very small and have problems with some larger weapons.
You are too small for most types of armour.
You have supernaturally acute eyesight. (SInv)
You cover ground extremely quickly. (Speed+++)


Message History

You feel sick.
The water moccasin completely misses you.
* * * LOW HITPOINT WARNING * * *
You feel sick.
* * * LOW HITPOINT WARNING * * *
You feel sick.
* * * LOW HITPOINT WARNING * * *
You feel sick.
The water moccasin completely misses you.
There is a stone staircase leading up here.
You can't go down here!
Casting: Necrotise (safe; 1% risk of failure)
Confirm with . or Enter, or press ? or * to list all spells.
Aiming: Necrotise (safe; 1% risk of failure)
Press: ? - help, Shift-Dir - straight line, f/p - water moccasin
Aim: a water moccasin (severely wounded, chance to affect: 83%)
The water moccasin writhes in agony.
* * * LOW HITPOINT WARNING * * *
You feel sick. The water moccasin closely misses you.
Casting: Necrotise (safe; 1% risk of failure)
Confirm with . or Enter, or press ? or * to list all spells.
Aiming: Necrotise (safe; 1% risk of failure)
Press: ? - help, Shift-Dir - straight line, f/p - water moccasin
Aim: a water moccasin (almost dead, chance to affect: 83%)
The water moccasin writhes in agony.
You kill the water moccasin!
The dead are slithering!
* * * LOW HITPOINT WARNING * * *
You feel sick.
Your Dodging skill increases to level 5!
Casting: Necrotise (safe; 1% risk of failure)
Confirm with . or Enter, or press ? or * to list all spells.
You can't see any susceptible monsters within range! (Use Z to cast anyway.)
You can't go down here!
* * * LOW HITPOINT WARNING * * *
You feel sick.
You climb upwards.
Your mindless puppet stays behind to rot.
You die...
Your body rises from the dead as a mindless zombie.

................#
...#.......<##..###
..................#
.##......##.#.....#
.##.###.##.###....#
....#.#.........###
......Z.#......##
....##.####.....#####
..###### #.....@...#
..# ###.........##
.## #......#.....# ##
##..>.###...## #
#...## #....# #....#
#..### #...## ####
##).# ####


There were no monsters in sight!

Vanquished Creatures
  Sigmund (D:4)
  Menkaure (D:4)
  A water moccasin (D:6)
  A necrophage (D:5)
  3 scorpions
  2 jellies
  A hound (D:5)
  An orc priest (D:4)
  An orc wizard (D:4)
  4 adders
  4 dart slugs
  2 orcs (D:4)
  6 ball pythons
  5 bats
  6 endoplasms
  4 giant cockroaches
  4 goblins
  5 hobgoblins
  8 jackals (D:1)
  6 quokkas
  A frilled lizard (D:1)
  2 kobolds (D:3)
  5 rats
74 creatures vanquished.

Vanquished Creatures (collateral kills)
  An ice beast (D:5)
  An orc (D:4)
  An endoplasm (D:1)
  A giant cockroach (D:1)
  3 goblins
  A kobold (D:2)
8 creatures vanquished.

Grand Total: 82 creatures vanquished

Notes
Turn   | Place    | Note
-------+----------+-------------------------------------------
     0 | D:1      | Alturiack the Spriggan Necromancer began the quest for the
                  | Orb.
     0 | D:1      | Reached XP level 1. HP: 9/9 MP: 5/5
   105 | D:1      | Found a faded altar of an unknown god.
   312 | D:1      | Reached XP level 2. HP: 13/13 MP: 4/7
   317 | D:1      | Reached skill level 4 in Necromancy
   595 | D:1      | Reached XP level 3. HP: 16/16 MP: 1/8
  1075 | D:2      | Found Ycargh's Armour Boutique.
  1183 | D:2      | Identified the ring "Xoeqae Otue" {rElec Will+ rCorr}
  2154 | D:3      | Reached XP level 4. HP: 21/21 MP: 8/10
  2406 | D:3      | Found a shimmering altar of Xom.
  2407 | D:3      | Found a blossoming altar of Fedhas.
  2610 | D:3      | Found a runed translucent door.
  2610 | D:3      | Noticed Heoruswealwe's ghost (amateur DEEE)
  2733 | D:3      | Reached skill level 5 in Necromancy
  2946 | D:4      | Noticed Sigmund
  2963 | D:4      | Noticed Menkaure
  2985 | D:4      | Killed Sigmund
  2986 | D:4      | Reached XP level 5. HP: 12/24 MP: 10/13
  3028 | D:4      | Killed Menkaure
  3029 | D:4      | Reached skill level 5 in Spellcasting
  3029 | D:4      | Reached skill level 6 in Necromancy
  3029 | D:4      | Reached XP level 6. HP: 10/28 MP: 14/14
  3631 | D:4      | Reached XP level 7. HP: 12/32 MP: 14/16
  3976 | D:4      | Found a sacrificial altar of Ru.
  3976 | D:4      | Found a basalt altar of Yredelemnul.
  4034 | D:4      | Became a worshipper of Yredelemnul the Dark
  4092 | D:5      | Entered Level 5 of the Dungeon
  4241 | D:5      | Reached * piety under Yredelemnul
  4242 | D:5      | Reached skill level 7 in Necromancy
  4318 | D:5      | Identified the +4 trident "Qoub Coze" {freeze, Str+2}
  4400 | D:5      | Found a staircase to the Ecumenical Temple.
  4642 | D:6      | Reached skill level 5 in Dodging
  4642 | D:6      | HP: 1/32 [poisoned by a water moccasin]
  4643 | D:5      | Succumbed to a water moccasin's poison

Illustrated notes

Levels and vault maps discovered:
D:1:      lordsloth_arrival_two_stooges, layout_rooms,
          dreamdust_ecumenical_altar_grove, minmay_close_crescents
D:2:      layout_basic, serial_shops, shop
D:3:      layout_basic, gammafunk_temple_overflow_statue, serial_aquarium,
          aquarium_bridge_square [aquarium_subvault_window,
          aquarium_subvault_bridge, aquarium_subvault_window,
          aquarium_subvault_bridge], aquarium_bridge_square
          [aquarium_subvault_window, aquarium_subvault_bridge,
          aquarium_subvault_bridge, aquarium_subvault_window],
          aquarium_window_corner, aquarium_window_2, aquarium_window_1,
          aquarium_view_2a, aquarium_view_2b, hellmonk_ghost_happy_afterlife
D:4:      layout_rooms, chequers_temple_overflow_statue_of_worship,
          serial_shops, shop_statue, portal_sewer_entry_f, uniq_menkaure,
          uniq_sigmund
D:5:      layout_cave_pools, minmay_temple_entry_large_hall
D:6:      nicolae_cairo_tiling_very_big, layout_layer_cave

Skill      XL: |  1  2  3  4  5  6  7 |
---------------+----------------------+-----
Spellcasting   | 3 4 5 6 |  6.4
Necromancy     | 4 5 6 7 |  7.4
Dodging        | 5 |  5.0
Stealth        | |  3.0

Action                   |  1- 3 |  4- 6 |  7- 9 || total
-------------------------+-------+-------+-------++-------
Melee: Unarmed           |     1 |       |       ||     1
       Dagger            |       |     2 |     9 ||    11
 Cast: Necrotise         |    77 |    47 |    46 ||   170
Armor: Robe              |     5 |     1 |     2 ||     8
Dodge: Dodged            |    17 |    12 |    33 ||    62
